 Dungeon Crawl Stone Soup version 0.28.0-45-g0d030f2227 (webtiles) character file.

Game seed: 6098077367621305583

5 Cykl0x the Cudgeller (level 1, 0/12 HPs)
             Began as a Gargoyle Gladiator on Apr 8, 2022.
             Slain by a quokka (2 damage)
             ... on level 1 of the Dungeon.
             The game lasted 00:00:37 (390 turns).

Cykl0x the Cudgeller (Gargoyle Gladiator)            Turns: 390, Time: 00:00:38

Health: 0/12       AC:  6    Str: 17    XL:     1   Next: 80%
Magic:  1/1        EV: 12    Int:  8    God:
Gold:   6          SH:  0    Dex: 11    Spells: 0/0 levels left

rFire   . . .      SeeInvis .   a - +0 flail
rCold   . . .      Faith    .   (no shield)
rNeg    + . .      Spirit   .   b - +0 leather armour
rPois   ∞          Reflect  .   c - +0 helmet
rElec   +          Harm     .   (no cloak)
rCorr   .          Rampage  .   (no gloves)
Will    .....                   (no boots)
Stlth   +.........              (no amulet)
HPRegen 0.04/turn               (no ring)
MPRegen 0.07/turn               (no ring)

@: no status effects
A: sickness immunity, AC +2, negative energy resistance 1, electricity
resistance, torment resistance 1, petrification resistance
a: no special abilities


You were on level 1 of the Dungeon.
You visited 1 branch of the dungeon, and saw 1 of its levels.

You collected 6 gold pieces.

Inventory:

Hand Weapons
 a - a +0 flail (weapon)
Armour
 b - a +0 leather armour (worn)
 c - a +0 helmet (worn)
Scrolls
 d - a scroll of enchant armour {unknown}
Potions
 e - a potion of ambrosia {unknown}


   Skills:
 + Level 2.2 Fighting
 + Level 3.1 Maces & Flails
 + Level 1.8 Throwing
 + Level 2.6 Dodging


You couldn't memorise any spells.
You didn't know any spells.
Your spell library was empty.

Dungeon Overview and Level Annotations

Branches:
Dungeon (1/15)

Altars:


Innate Abilities, Weirdness & Mutations

You are immune to sickness and miasma.
Your stone body is resilient. (AC +2)
You are immune to poison.
You resist negative energy. (rN+)
You are resistant to electric shocks. (rElec)
You are resistant to unholy torment.
You are immune to petrification.


Message History

You barely miss the quokka.
The quokka is heavily wounded.
The quokka bites you but does no damage.
The quokka barely misses you.
You barely miss the quokka.
The quokka is heavily wounded.
The quokka bites you.
You barely miss the quokka.
The quokka is heavily wounded.
The quokka barely misses you. The quokka bites you.
You hit the quokka.
The quokka is severely wounded.
The quokka bites you.
* * * LOW HITPOINT WARNING * * *
Nothing quivered!
The quokka closely misses you. The quokka barely misses you.
The quokka closely misses you.
You see here a throwing net.
f - a throwing net The quokka bites you but does no damage.
Throw: throwing net
Press: ? - help, Q - select action Shift-Dir - straight line, f - quokka
Aim: a quokka (heavily wounded, 43% to hit)
You throw a throwing net.
The throwing net barely misses the quokka.
The quokka misses you. The quokka barely misses you.
You barely miss the quokka.
The quokka is heavily wounded.
The quokka barely misses you.
You barely miss the quokka.
The quokka is heavily wounded.
The quokka misses you.
You hit the quokka but do no damage.
The quokka is heavily wounded.
The quokka barely misses you. The quokka misses you.
You hit the quokka but do no damage.
The quokka is heavily wounded.
The quokka bites you.
You die...

.......
#.....# .
#.#.#. ..
#######
###.#.. ..
......#
#.....#.# .
8.8.8.##
#.......#..
.......##
#....#.....
≈≈≈≈≈≈.<#
#..@.......
.......##
#?.r.#...#.
8.8.8.##
#....# .#
......#
#....#
#######
#....#
#....#
#..).#
#..(.#
#########
####....#


You could see a quokka.

Vanquished Creatures
  A goblin (D:1)
  2 kobolds (D:1)
  A quokka (D:1)
  A bat (D:1)
5 creatures vanquished.

Notes
Turn   | Place    | Note
-------+----------+-------------------------------------------
     0 | D:1      | Cykl0x the Gargoyle Gladiator began the quest for the Orb.
     0 | D:1      | Reached XP level 1. HP: 12/12 MP: 1/1
   390 | D:1      | Slain by a quokka

Illustrated notes

Levels and vault maps discovered:
D:1:      mainiacjoe_arrival_reflecting_pool, layout_basic

Action                   || total
-------------------------++-------
Melee: Flail             ||    28
       Punch             ||     1
Throw: Throwing net      ||     7
Armor: Leather armour    ||     7
Dodge: Dodged            ||    19
